 Dungeon Crawl Stone Soup version 0.15.2 (console) character file.

97114 Ge0ff the Whirler (level 16, -2/117 HPs)
             Began as a Halfling Gladiator on Dec 6, 2022.
             Was a High Priest of Okawaru.
             Slain by a deep troll (shapeshifter) (10 damage)
             ... on Level 15 of the Dungeon on Dec 7, 2022.
             The game lasted 02:05:43 (39232 turns).

Ge0ff the Whirler (Halfling Gladiator)             Turns: 39232, Time: 02:05:43

HP  -2/117       AC 12     Str 20      XL: 16   Next: 68%
MP  30/30        EV 28     Int  0 (3)  God: Okawaru [*****.]
Gold 1281        SH  9     Dex 17      Spells:  3 memorised, 15 levels left

rFire  . . .     SeeInvis +     a - +7 greatsling "Punk" {freeze, rC+}
rCold  + + +     Clarity  .     P - -4 leather armour of the Catfish {+Rage rPois rC++ Int-4 Slay+4 SInv}
rNeg   . . .     rCorr    .     s - +2 buckler
rPois  +         rRot     .     Q - +2 hat {MR+}
rElec  .         Spirit   .     V - +2 cloak
SustAb .         Warding  .     J - +0 pair of gloves
rMut   .         Stasis   .     D - +0 pair of boots
Gourm  .                        r - amulet of faith
MR     ++...                    G - +3 ring of evasion {=R}
                                T - +3 ring of protection

@: afraid, heroism, lost intelligence, drained, very slow, very resistant to
hostile enchantments, stealthy
A: mutation resistance 1
a: Heroism, Finesse, Renounce Religion, Evoke Berserk Rage


You were on level 15 of the Dungeon.
You worshipped Okawaru.
Okawaru was extremely pleased with you.
You were full.

You visited 4 branches of the dungeon, and saw 28 of its levels.
You also visited: Volcano.

You collected 3226 gold pieces.
You spent 1945 gold pieces at shops.

Inventory:

Hand weapons
 a - the +7 greatsling "Punk" (weapon) {freeze, rC+}
   (Okawaru gifted it to you on level 2 of the Orcish Mines)

   It turns projectiles fired from it into bolts of frost.
   It protects you from cold.
 b - the +8 hunting sling of Ambiguity {velocity, rF+}
   (You bought it in a shop on level 4 of the Orcish Mines)

   Any stone fired from it inflicts extra damage.
   It protects you from fire.
Missiles
 f - 4 throwing nets
 j - 305 stones (quivered)
 m - 17 steel sling bullets
 n - 13 poisoned sling bullets
 p - 10 sling bullets of flame
 N - 58 sling bullets
Armour
 s - a +2 buckler (worn)
 D - a +0 pair of boots (worn)
 J - a +0 pair of gloves (worn)
 P - the -4 leather armour of the Catfish (worn) {+Rage rPois rC++ Int-4 Slay+4 SInv}
   (You found it on level 4 of the Dungeon)

   It affects your intelligence (-4).
   It affects your accuracy and damage with ranged weapons and melee attacks
   (+4).
   It greatly protects you from cold.
   It protects you from poison.
   It enhances your eyesight.
   It lets you go berserk.
 Q - a +2 hat of magic resistance (worn)
 V - a +2 cloak (worn)
Magical devices
 d - a wand of digging (7)
 e - a wand of flame (5)
 h - a wand of teleportation (3)
 k - a wand of cold (6)
 o - a wand of fire (3)
 u - a wand of cold (12)
 x - a wand of disintegration (9)
 y - a wand of enslavement (12)
 z - a wand of paralysis (9)
 U - a wand of heal wounds (4)
Comestibles
 g - 6 royal jellies
 L - a beef jerky
 S - 15 bread rations
Scrolls
 i - 2 scrolls of identify
 t - 8 scrolls of teleportation
 v - a scroll of vulnerability
 B - 5 scrolls of blinking
 C - 8 scrolls of remove curse
 E - 3 scrolls of fear
 F - 5 scrolls of fog
Jewellery
 r - an amulet of faith (around neck)
 w - the ring "Zacergh" {-Tele rF+ rN+ Int+3}
   (You found it on level 6 of the Lair of Beasts)

   [ring of protection from fire]

   It affects your intelligence (+3).
   It protects you from fire.
   It protects you from negative energy.
   It prevents most forms of teleportation.
 G - a +3 ring of evasion (right hand) {=R}
 K - an uncursed ring of invisibility
 T - a +3 ring of protection (left hand)
Potions
 l - a potion of magic {!q}
 q - 6 potions of curing
 A - 3 potions of agility
 H - a potion of haste {!q}
 I - 3 potions of invisibility
 M - 3 potions of might
 O - 2 potions of cancellation {!q}
 R - 3 potions of resistance
 Y - 2 potions of restore abilities
 Z - 2 potions of berserk rage {!q}
Miscellaneous
 c - a sack of spiders
 X - a fan of gales


   Skills:
 * Level 13.1(17.2) Fighting
   Level 4.0(8.2) Short Blades
 + Level 18.7(22.7) Slings
 - Level 2.6(16.1) Throwing
 + Level 9.4(13.5) Armour
 - Level 10.0(14.1) Dodging
 - Level 2.0(6.3) Stealth
 + Level 4.1(8.4) Shields
 - Level 3.0(2.3) Spellcasting
 - Level 6.0(5.3) Charms
 - Level 3.0(2.3) Summonings
 - Level 2.0(1.4) Necromancy
 + Level 11.8(11.0) Invocations
 + Level 9.1(8.3) Evocations


You had 15 spell levels left.
You knew the following spells:

 Your Spells              Type           Power        Failure   Level  Hunger
o - Summon Butterflies    Summ           #.......     28%         1    ##.....
r - Regeneration          Chrm/Necr      #.........   56%         3    ####...
s - Song of Slaying       Chrm           #.......     12%         2    ###....


Dungeon Overview and Level Annotations

Branches:
Dungeon (15/15)            Temple (1/1) D:7             Orc (4/4) D:9
    Elf (0/3) Orc:3          Lair (8/8) D:11         Shoals (0/5) Lair:4
  Snake (0/5) Lair:4        Slime (0/6) Lair:8       Vaults (0/5) D:14
 Depths: D:15

Altars:
Ashenzari
Cheibriados
Dithmenos
Elyvilon
Kikubaaqudgha
Makhleb
Nemelex Xobeh
Okawaru
Qazlal
Sif Muna
Trog
Vehumet
Xom
Yredelemnul
Zin
The Shining One
Beogh

Shops:
D:4 (   D:6 }   D:8 [   D:10 ?   Orc:3 [   Orc:4 !%=(


Innate Abilities, Weirdness & Mutations

You are small and have problems with some larger weapons.
You are somewhat resistant to further mutation.


Message History

The white ugly thing is engulfed in ghostly flame.
The white ugly thing completely misses you.
The white ugly thing is engulfed in ghostly flame.
The white ugly thing completely misses you.
The purple ugly thing completely misses you.
You block the white ugly thing's attack.
The deep troll barely misses you. x2
The deep troll completely misses you. The giant frog misses you.
The red ugly thing stings you!
* * * LOW HITPOINT WARNING * * *
You are engulfed in flames!
* * * LOW HITPOINT WARNING * * *
The white ugly thing is engulfed in ghostly flame.
The white ugly thing basks in the mutagenic energy from its kin and changes!
The white ugly thing is engulfed in ghostly flame.
You block the white ugly thing's attack.
The purple ugly thing kicks you.
* * * LOW HITPOINT WARNING * * *
The deep troll bites you!
You die...

.... ###..... #........ .
##################........
.
..........................
.
...........................
..
.###########....Z......###
# .# #...FGu.....# .#
#..uu@T....(# .#
#..Huuu.....# .#
##...#u#.....# (#
#...##.##....# .#
#..##...##...#
.####+#####..#.... ...#
.............#.... .....
#.........#####...# .....#
#........## ##.# ...###


You could see 7 ugly things, a giant orange brain, a deep troll shaped shifter,
a spectral wolf spider, a hippogriff and a giant frog.

Vanquished Creatures
  Gastronok (Lair:2)
  Fannar (D:11)
  3 hydras
  13 death yaks (Lair:8)
  A tengu warrior (D:15)
  A deep troll shaman (Lair:8)
  7 ogre magi
  3 catoblepae
  2 unseen horrors
  Erolcha (Orc:2)
  3 hill giants
  4 orc knights
  A wizard (D:15)
  2 griffons
  2 ugly things
  7 oklob plants
  A salamander (Lair:1)
  2 orc sorcerers
  A cyclops (D:11)
  20 elephants
  Maurice (D:12)
  A molten gargoyle (Volcano)
  5 black mambas
  An iron devil (D:13)
  2 kobold demonologists
  9 spiny frogs
  9 komodo dragons
  2 gargoyles (Volcano)
  6 yaktaurs
  9 trolls
  A jumping spider (shapeshifter) (D:14)
  3 tengu conjurers
  2 efreet
  3 fire drakes
  A blue devil (Orc:4)
  A polar bear (Lair:8)
  9 ravens
  A shadow (D:15)
  25 two-headed ogres
  2 deep elf magi
  2 trapdoor spiders (D:15)
  2 basilisks
  58 yaks
  A wraith (D:13)
  20 blink frogs
  4 vampire mosquitoes (D:10)
  A wyvern (D:13)
  A fire elemental (Volcano)
  A hill giant zombie (D:12)
  14 hippogriffs
  A warg (Orc:4)
  24 wolves
  4 hungry ghosts
  A soldier ant (D:14)
  2 nagas (Lair:4)
  5 mottled dragons
  3 ice beasts
  11 water moccasins
  19 orc warriors
  8 porcupines
  A necrophage (D:12)
  A sky beast (D:10)
  A black bear (Lair:8)
  3 phantoms
  A yellow wasp (D:12)
  2 boring beetles
  55 ogres
  18 crocodiles
  4 big kobolds
  15 centaurs
  A manticore skeleton (D:14)
  Duvessa (D:5)
  A gnoll sergeant (D:9)
  A hill giant simulacrum (D:14)
  16 giant frogs
  3 scorpions
  3 electric eels
  A hippogriff zombie (D:11)
  21 killer bees
  A manticore simulacrum (D:15)
  7 wights
  Dowan (D:5)
  9 crimson imps
  2 centaur zombies
  A quasit (D:14)
  15 orc priests
  12 hounds
  21 jellies
  12 iguanas
  26 orc wizards
  Natasha (thrice) (D:5)
  2 orange rats (D:11)
  14 sheep
  13 worker ants
  A mummy (D:9)
  12 gnolls
  16 adders
  An orc zombie (D:5)
  33 green rats
  An inept item mimic (D:8)
  A worm (D:2)
  2 shadow imps
  An adder skeleton (D:4)
  4 giant geckos
  18 oozes
  175 orcs
  9 bats
  A bat skeleton (D:4)
  5 giant cockroaches
  22 hobgoblins
  15 jackals
  8 quokkas
  A giant gecko skeleton (D:9)
  6 giant newts
  2 giant spores
  24 goblins
  28 kobolds
  A quokka zombie (D:8)
  11 rats
  13 fungi
  23 plants
1073 creatures vanquished.

Vanquished Creatures (others)
  4 elephants (Lair:8)
  10 fungi
  4 plants
18 creatures vanquished.

Grand Total: 1091 creatures vanquished

Notes
Turn   | Place    | Note
--------------------------------------------------------------
     0 | D:1      | Ge0ff, the Halfling Gladiator, began the quest for the Orb.
     0 | D:1      | Reached XP level 1. HP: 14/14 MP: 1/1
    64 | D:1      | Reached XP level 2. HP: 19/19 MP: 2/2
   348 | D:1      | Reached skill level 1 in Armour
   482 | D:1      | Reached XP level 3. HP: 22/24 MP: 3/3
   770 | D:1      | Reached skill level 1 in Stealth
  1028 | D:2      | Reached XP level 4. HP: 27/30 MP: 4/4
  1851 | D:3      | Found a burning altar of Makhleb.
  1851 | D:3      | Found a glowing golden altar of the Shining One.
  1870 | D:3      | Reached skill level 1 in Slings
  2117 | D:3      | Reached XP level 5. HP: 35/35 MP: 5/5
  2374 | D:4      | Found Cetiow's Weapon Boutique.
  2571 | D:4      | Reached skill level 1 in Evocations
  2571 | D:4      | Reached XP level 6. HP: 41/41 MP: 5/7
  2730 | D:4      | Reached skill level 5 in Slings
  2858 | D:4      | Reached XP level 7. HP: 46/46 MP: 8/8
  2929 | D:4      | Reached skill level 6 in Slings
  3132 | D:4      | Got a transparent leather armour
  3143 | D:4      | Identified the cursed -4 leather armour of the Catfish {+Rage rPois rC++ Int-4 Slay+4 SInv} (You found it on level 4 of the Dungeon)
  3191 | D:4      | Got an ichor-stained dagger
  3192 | D:4      | Identified the +2 dagger "Brosups" {pain, Int+4 SInv} (You found it on level 4 of the Dungeon)
  3617 | D:4      | Reached skill level 7 in Slings
  3773 | D:4      | Found a glowing silver altar of Zin.
  3808 | D:4      | Reached XP level 8. HP: 54/54 MP: 9/9
  3867 | D:5      | Entered Level 5 of the Dungeon
  4224 | D:5      | Noticed Natasha
  4226 | D:5      | Killed Natasha
  4326 | D:5      | Noticed Duvessa
  4326 | D:5      | Noticed Dowan
  4343 | D:5      | Killed Duvessa
  4343 | D:5      | Reached skill level 8 in Slings
  4353 | D:5      | Noticed Natasha
  4360 | D:5      | Killed Dowan
  4369 | D:5      | Killed Natasha
  4879 | D:5      | Noticed Natasha
  4883 | D:5      | Killed Natasha
  5358 | D:6      | Found a shimmering altar of Xom.
  5359 | D:6      | Found a shimmering altar of Xom.
  5361 | D:6      | Found a shimmering altar of Xom.
  5361 | D:6      | Found a shimmering altar of Xom.
  5361 | D:6      | Found a shimmering altar of Xom.
  5362 | D:6      | Found a shimmering altar of Xom.
  5382 | D:6      | Got a fine mace
  5383 | D:6      | Identified the +4 mace "Zein" {pain, Str+3} (You found it on level 6 of the Dungeon)
  5747 | D:6      | Reached skill level 5 in Armour
  5762 | D:6      | Reached skill level 9 in Slings
  6118 | D:6      | Reached XP level 9. HP: 58/60 MP: 12/12
  6261 | D:6      | Found Kabuug's Gadget Shoppe.
  6270 | D:6      | Reached skill level 5 in Fighting
  6288 | D:6      | Bought a wand of paralysis (12) for 154 gold pieces
  6792 | D:7      | Got an ichor-stained flail
  6797 | D:7      | Identified the +4 flail of Patience {crush, rN+} (You found it on level 7 of the Dungeon)
  6851 | D:7      | Found a staircase to the Ecumenical Temple.
  6857 | Temple   | Entered the Ecumenical Temple
  7081 | Temple   | Became a worshipper of Warmaster Okawaru
  7329 | D:7      | Reached skill level 10 in Slings
  7572 | D:7      | Acquired Okawaru's first power
  8330 | D:8      | Learned a level 1 spell: Summon Butterflies
  8377 | D:8      | Reached skill level 1 in Invocations
  8922 | D:8      | Reached XP level 10. HP: 68/68 MP: 16/16
  8998 | D:8      | Reached skill level 11 in Slings
  9121 | D:8      | Reached skill level 5 in Dodging
  9160 | D:8      | Found Takerph's Armour Shoppe.
  9749 | D:9      | Found a snail-covered altar of Cheibriados.
  9903 | D:9      | Noticed a hill giant
  9922 | D:9      | Killed a hill giant
  9922 | D:9      | Reached skill level 1 in Shields
 10521 | D:9      | Found a staircase to the Orcish Mines.
 10869 | D:10     | Entered Level 10 of the Dungeon
 10869 | D:10     | Noticed an unseen horror
 10890 | D:10     | Killed an unseen horror
 10890 | D:10     | Reached skill level 12 in Slings
 10978 | D:10     | Found a shadowy altar of Dithmenos.
 11006 | D:10     | Received a gift from Okawaru
 11097 | D:10     | Found Nexiusma's Magic Scroll Boutique.
 11119 | D:10     | Bought a scroll of identify for 28 gold pieces
 11119 | D:10     | Bought 2 scrolls of teleportation for 84 gold pieces
 11283 | D:10     | Learned a level 2 spell: Song of Slaying
 11364 | D:10     | Reached XP level 11. HP: 75/75 MP: 19/19
 11429 | D:10     | Reached skill level 5 in Invocations
 11440 | D:10     | Received a gift from Okawaru
 11453 | D:10     | Reached skill level 1 in Charms
 11533 | D:10     | Reached skill level 1 in Spellcasting
 11668 | D:10     | Received a gift from Okawaru
 11963 | D:11     | Reached skill level 1 in Summonings
 11983 | D:11     | Found a staircase to the Lair.
 12055 | D:11     | Noticed a five-headed hydra
 12058 | D:11     | Received a gift from Okawaru
 12071 | D:11     | Killed a five-headed hydra
 12194 | D:11     | Noticed a six-headed hydra
 12207 | D:11     | Killed a six-headed hydra
 12207 | D:11     | Received a gift from Okawaru
 12207 | D:11     | Reached skill level 5 in Evocations
 12355 | D:11     | Noticed Fannar
 12377 | D:11     | Killed Fannar
 12657 | D:11     | Noticed a green ugly thing
 12675 | D:11     | Killed a green ugly thing
 12675 | D:11     | Received a gift from Okawaru
 12834 | D:11     | Noticed an unseen horror
 12843 | D:11     | Killed an unseen horror
 12936 | D:11     | Noticed an oklob plant
 12940 | D:11     | Killed an oklob plant
 13050 | D:11     | Reached XP level 12. HP: 82/82 MP: 21/21
 13154 | D:11     | Received a gift from Okawaru
 13224 | D:11     | Noticed a cyclops
 13234 | D:11     | Killed a cyclops
 13820 | Lair:1   | Entered Level 1 of the Lair of Beasts
 13848 | Lair:1   | Got a fine short sword
 13849 | Lair:1   | Identified the +4 short sword of Terror {flame, +Inv rC+} (You found it on level 1 of the Lair of Beasts)
 13890 | Lair:1   | Found a dark tunnel.
 14104 | Volcano  | Entered a volcano
 14302 | Volcano  | Reached skill level 13 in Slings
 14773 | Lair:1   | Received a gift from Okawaru
 15280 | Lair:1   | Received a gift from Okawaru
 15589 | Lair:1   | Learned a level 3 spell: Regeneration
 16016 | Lair:1   | Reached skill level 5 in Charms
 17146 | Lair:1   | Reached skill level 14 in Slings
 17146 | Lair:1   | Reached XP level 13. HP: 88/88 MP: 24/24
 17208 | Lair:1   | Got a smoking robe
 17668 | Lair:2   | Reached skill level 1 in Necromancy
 17701 | Lair:2   | Received a gift from Okawaru
 17882 | Lair:2   | Noticed Gastronok
 17899 | Lair:2   | Killed Gastronok
 17899 | Lair:2   | Received a gift from Okawaru
 18144 | Lair:2   | Received a gift from Okawaru
 19878 | Lair:3   | Received a gift from Okawaru
 20196 | D:10     | Bought a scroll of identify for 28 gold pieces
 20196 | D:10     | Bought a scroll of identify for 28 gold pieces
 20196 | D:10     | Bought a scroll of identify for 28 gold pieces
 20706 | Lair:4   | Received a gift from Okawaru
 20821 | Lair:4   | Found a staircase to the Shoals.
 20882 | Lair:4   | Reached skill level 15 in Slings
 20953 | Lair:4   | Found a staircase to the Snake Pit.
 20989 | Lair:4   | Received a gift from Okawaru
 21760 | Lair:4   | Acquired Okawaru's second power
 22005 | Lair:4   | Reached XP level 14. HP: 97/97 MP: 27/27
 22781 | Lair:5   | Received a gift from Okawaru
 23722 | Lair:6   | Received a gift from Okawaru
 24193 | Lair:6   | Got a heavily runed scale mail
 24194 | Lair:6   | Identified the +4 scale mail "Shribamn" {MR+ Str+1 Stlth---} (You found it on level 6 of the Lair of Beasts)
 24311 | Lair:6   | Reached skill level 16 in Slings
 24339 | Lair:6   | Received a gift from Okawaru
 24520 | Lair:6   | Got a vibrating lapis lazuli ring
 24521 | Lair:6   | Identified the ring "Zacergh" {-Tele rF+ rN+ Int+3} (You found it on level 6 of the Lair of Beasts)
 24818 | Lair:7   | Reached skill level 10 in Fighting
 25093 | Lair:7   | Received a gift from Okawaru
 25212 | Lair:7   | Reached skill level 10 in Invocations
 26297 | Lair:8   | Entered Level 8 of the Lair of Beasts
 26943 | Lair:8   | Found a staircase to the Slime Pits.
 27172 | Lair:8   | Reached skill level 17 in Slings
 27591 | Lair:8   | Received a gift from Okawaru
 27591 | Lair:8   | Reached XP level 15. HP: 101/105 MP: 29/29
 28204 | Lair:8   | Received a gift from Okawaru
 28761 | Lair:8   | Received a gift from Okawaru
 28930 | Lair:8   | Reached skill level 10 in Dodging
 28970 | Lair:8   | Identified the Almanac of Malediction (You found it on level 8 of the Lair of Beasts)
 29340 | Orc:1    | Entered Level 1 of the Orcish Mines
 30787 | Orc:3    | Found Okkaunag's Armour Shoppe.
 31884 | Orc:3    | Found a staircase to the Elven Halls.
 32198 | Orc:4    | Entered Level 4 of the Orcish Mines
 32620 | Orc:4    | Found Piaguv's Distillery.
 32620 | Orc:4    | Found Fats' Jewellery Emporium.
 32620 | Orc:4    | Found Fraehios' Food Emporium.
 32620 | Orc:4    | Found Hoisuas' Weapon Shop.
 32638 | Orc:4    | Reached skill level 18 in Slings
 32661 | Orc:4    | Received a gift from Okawaru
 32708 | Orc:4    | Received a gift from Okawaru
 32791 | Orc:4    | Received a gift from Okawaru
 33039 | Orc:4    | Bought a potion of degeneration for 28 gold pieces
 33043 | Orc:4    | Bought the +8 hunting sling of Ambiguity {velocity, rF+} for 899 gold pieces
 33043 | Orc:4    | Bought 18 stones for 28 gold pieces
 33312 | Orc:4    | Bought an uncursed amulet of faith for 640 gold pieces
 33769 | Orc:4    | Received a gift from Okawaru
 33874 | Orc:4    | Found a roughly hewn altar of Beogh.
 33885 | Orc:4    | Reached XP level 16. HP: 111/114 MP: 30/30
 34478 | D:12     | Noticed Maurice
 34487 | D:12     | Killed Maurice
 34693 | D:12     | Found a glowing golden altar of the Shining One.
 35041 | D:13     | Received a gift from Okawaru
 36240 | Orc:2    | Received a gift from Okawaru
 36339 | Orc:2    | Noticed Erolcha
 36349 | Orc:2    | Killed Erolcha
 37573 | D:14     | Received a gift from Okawaru
 37576 | D:14     | Got a smoking leather armour {god gift}
 37605 | D:14     | Identified the +1 leather armour of Bleihint {Int+3} (Okawaru gifted it to you on level 14 of the Dungeon)
 37848 | D:14     | Found a gate to the Vaults.
 38491 | D:15     | Entered Level 15 of the Dungeon
 39221 | D:15     | Lost intelligence.
 39232 | D:15     | Slain by a deep troll (shapeshifter)

Action                   |  1- 3 |  4- 6 |  7- 9 | 10-12 | 13-15 | 16-18 || total
-------------------------+-------+-------+-------+-------+-------+-------++-------
Melee: Cutlass           |    34 |       |       |       |       |       ||    34
       Short sword       |    81 |    70 |    77 |    46 |   221 |       ||   495
       Dagger            |       |       |     4 |    22 |       |       ||    26
       Unarmed           |       |       |       |       |    16 |       ||    16
 Fire: Hunting sling     |       |    83 |   461 |  1133 |  2607 |   166 ||  4450
       Greatsling        |       |       |       |       |       |   303 ||   303
Throw: Throwing net      |     2 |       |       |     4 |       |       ||     6
       Stone             |       |       |       |       |     7 |       ||     7
 Cast: Song of Slaying   |       |       |       |     1 |       |       ||     1
Invok: Heroism           |       |       |       |    10 |    14 |     2 ||    26
       Finesse           |       |       |       |       |     5 |       ||     5
 Abil: Evoke Invisibilit |       |       |       |       |     1 |       ||     1
Evoke: Wand              |       |     1 |     4 |    21 |    26 |    17 ||    69
  Use: Scroll            |     3 |     7 |     9 |    12 |    12 |     4 ||    47
       Potion            |       |       |     1 |       |     2 |     3 ||     6
 Stab: Sleeping          |     1 |       |     1 |       |     1 |       ||     3
       Held in net/web   |     1 |       |       |       |       |       ||     1
       Invisible         |       |       |     2 |       |       |       ||     2
       Paralysed         |       |       |     1 |     2 |     1 |       ||     4
  Eat: Chunk             |       |     5 |    11 |     1 |    12 |       ||    29
       Beef jerky        |       |     1 |       |     1 |     3 |     2 ||     7
       Royal jelly       |       |       |     1 |       |     4 |       ||     5
       Pizza             |       |       |     2 |       |     2 |     2 ||     6
       Meat ration       |       |       |     1 |     3 |     2 |     1 ||     7
       Fruit             |       |       |       |     7 |    12 |       ||    19
       Bread ration      |       |       |       |       |       |     2 ||     2

Vault maps used:
D:1:      lordsloth_arrival_two_stooges, hangedman_decor_points
D:2:      first_bread
D:3:      gammafunk_temple_overflow_wave, nicolae_overflow_hidden_temple
D:4:      zin_treasury, serial_shops, shop, cheibrodos_gnoll_hut
D:5:      uniq_natasha, uniq_duvessa
D:6:      serial_shops, shop, st_stairs_9, minmay_gold_behind_plants,
          xom_redecorated
D:7:      minmay_temple_entry_hall
D:8:      serial_shops, nicolae_shop_waterfront, hangedman_little_slice_of_home,
          minivault_27, minmay_misc_feat_chi
D:9:      old_standard_altar, orc_0_dummy, kennysheep_generic_room_8
D:10:     serial_shops, shop, nicolae_dithmenos_the_darkroom
D:11:     lemuel_slime, dpeg_lair_monsters, minmay_misc_feat_plants,
          minmay_statues_item, st_stairs_4, lightli_orcish_oven, uniq_fannar
D:12:     nicolae_tso_carved_into_rock, uniq_maurice
D:14:     hangedman_vaults_entry_quadrant_bands, minmay_misc_feat_tower,
          grunt_ministairs_2
D:15:     gammafunk_enter_depths_forms, minmay_misc_feat_rows
Temple:   chambers_temple_12
Orc:1:    cheibrodos_orc_bank, mines2_lemuel
Orc:2:    lemuel_ogre_cave
Orc:3:    serial_shops, nicolae_shop_trees, nicolae_orc_pool_cavern
Orc:4:    nicolae_orc_accident_2, st_orc_ogre_mass
Lair:1:   minmay_lair_oklob_tunnel, nicolae_volcano_entry_hallway
Lair:2:   st_stairs_8, grunt_megastairs_2, infiniplex_staircase_pool,
          lemuel_fruit_tree, uniq_gastronok
Lair:4:   shoals_dummy_entry, minmay_snake_entry_guardpost_small
Lair:5:   serial_bayou_shore_b
Lair:7:   serial_bayou_pond_b, serial_bayou_lagoon_b, grunt_megastairs_3
Lair:8:   grunt_lair_end_beastmaster, nicolae_slime_entry_slimehenge,
          minivault_19
Volcano:  volcano_overflow
